 Dungeon Crawl Stone Soup version 0.30-a0-782-ge64f9170bb (webtiles) character file.

Game seed: 5053248792944342548

68 HoaS the Shooter (level 3, -2/29 HPs)
             Began as a Demigod Hunter on Mar 12, 2023.
             Slain by an orc
             ... wielding a +0 dagger
              (3 damage)
             ... on level 3 of the Dungeon.
             The game lasted 00:03:34 (1669 turns).

HoaS the Shooter (Demigod Hunter)                   Turns: 1669, Time: 00:03:34

Health: -2/29      AC:  5    Str: 15    XL:     3   Next: 73%
Magic:  5/5        EV: 12    Int: 11    God:
Gold:   155        SH:  0    Dex: 21    Spells: 2/2 levels left

rFire   . . .      SeeInvis .    a - +0 shortbow
rCold   . . .      Faith    .    (shield currently unavailable)
rNeg    . . .      Spirit   .    i - +1 robe "Tashrud" {rPois Str+3}
rPois   +          Reflect  .    l - +0 helmet
rElec   .          Harm     .    (no cloak)
rCorr   .          Rampage  .    c - +0 pair of gloves
Will    .....                    (no boots)
Stlth   ++                       (no amulet)
HPRegen 0.24/turn                (no ring)
MPRegen 0.09/turn                (no ring)

@: about to teleport
A: high MP 1, forlorn, divine attributes
a: no special abilities


You were on level 3 of the Dungeon.
You visited 1 branch of the dungeon, and saw 3 of its levels.

You collected 155 gold pieces.

Inventory:

Hand Weapons
 a - a +0 shortbow (weapon)
Armour
 c - a +0 pair of gloves (worn)
 i - the +1 robe "Tashrud" (worn) {rPois Str+3}
   (You found it on level 2 of the Dungeon)

   Str:       It affects your strength (+3).
   rPois:     It protects you from poison.
 l - a +0 helmet (worn)
Wands
 k - a wand of flame (14)
Scrolls
 b - 2 scrolls of immolation
Potions
 e - 2 potions of resistance {unknown}
 f - a potion of degeneration {unknown}
 g - a potion of heal wounds {unknown}
 h - 3 potions of attraction
 j - a potion of lignification {unknown}


   Skills:
 - Level 1.7 Fighting
 + Level 5.1 Ranged Weapons
 - Level 1.7 Dodging
 - Level 0.8 Stealth


You had 2 spell levels left.
You didn't know any spells.
Your spell library contained the following spells:

 Spells                   Type           Power      Damage    Failure   Level
 Hailstorm                Conj/Ice       0%         3d3       71%         3
 Ice Form                 Ice/Tmut       0%         N/A       98%         4
 Simulacrum               Ice/Necr       0%         N/A       100%        6


Dungeon Overview and Level Annotations

Branches:
Dungeon (3/15)


Innate Abilities, Weirdness & Mutations

You have an increased reservoir of magic. (+10% MP)
You shall have no god before yourself.
Your divine heritage dramatically boosts your attributes as you level up.


Message History

The orc priest shouts!
You hear a shout!
You hear an angry hiss.
The orc priest moves out of view.
An orc comes into view. It is wielding a +0 dagger.
You shoot an arrow.
The arrow closely misses the orc priest.
You hear a shout! x2
An orc wizard comes into view. It is wielding a +0 dagger.
An orc comes into view. It is wielding a +0 short sword.
You start waiting.
An orc is nearby!
You shoot an arrow. The arrow hits the orc.
The orc is moderately wounded.
You shoot an arrow. The arrow hits the orc!
You kill the orc!
You shoot an arrow. The arrow barely misses the orc wizard.
You shoot an arrow. The arrow hits the orc.
The orc is moderately wounded.
You shoot an arrow. The arrow completely misses the orc.
The arrow hits the orc wizard!
The orc wizard is almost dead.
You shoot an arrow. The arrow closely misses the orc.
The orc priest calls upon Beogh to heal the orc wizard.
The orc wizard is healed somewhat.
The orc barely misses you.
You shoot an arrow.
The arrow hits the orc wizard but does no damage.
The orc wizard is heavily wounded.
The orc wizard hits you with a +0 dagger.
The orc hits you with a +0 dagger.
The orc priest calls upon Beogh to heal the orc wizard.
The orc wizard is healed somewhat.
The orc wizard barely misses you. The orc hits you with a +0 dagger.
As you read the scroll of teleportation, it crumbles to dust.
You feel strangely unstable.
The orc wizard gestures at you while chanting.
The puff of flame hits you!
The orc priest mumbles some strange prayers to Beogh against you.
Beogh smites you!
* * * LOW HITPOINT WARNING * * *
The orc hits you with a +0 dagger.
You die...

###########
#.........#
###.#######.##
#@o..........#
oo)#####o#.#######..#
.o.o...oo..# #..##
...#########
#####...####
#..(........
#.###...#### # #.#
##.##
#...###.####.#####
#(..............


You could see 2 orc priests, an orc wizard and an orc.

Vanquished Creatures
  Robin (D:2)
  A worm (D:2)
  A dart slug (D:2)
  An orc (D:3)
  2 ball pythons
  8 endoplasms
  2 giant cockroaches (D:1)
  11 goblins
  5 hobgoblins
  A quokka (D:1)
  5 bats
  3 kobolds
  2 rats
43 creatures vanquished.

Notes
Turn   | Place    | Note
-------+----------+-------------------------------------------
     0 | D:1      | HoaS the Demigod Hunter began the quest for the Orb.
     0 | D:1      | Reached XP level 1. HP: 17/17 MP: 3/3
   103 | D:1      | Reached skill level 4 in Ranged Weapons
   188 | D:1      | Reached XP level 2. HP: 24/24 MP: 4/4
   801 | D:2      | Reached XP level 3. HP: 29/29 MP: 5/5
   907 | D:2      | Identified the +1 robe "Tashrud" {rPois Str+3}
  1399 | D:3      | Noticed Robin
  1491 | D:2      | Killed Robin
  1492 | D:2      | Reached skill level 5 in Ranged Weapons
  1669 | D:3      | HP: 1/29 [orc priest/divine providence (11)]
  1669 | D:3      | Slain by an orc

Illustrated notes

Levels and vault maps discovered:
D:1:      kennysheep_arrival_forest, layout_basic
D:2:      layout_loops_ring, ebering_ecumenical_altar_ruins
D:3:      minmay_chambers_of_threes, layout_loops_ring,
          grunt_temple_overflow_forces_of_nature, chequers_serial_rivers_room_a,
          uniq_crazy_yiuf_cottage, uniq_robin, uniq_natasha

Skill      XL: |  1  2  3 |
---------------+----------+-----
Ranged Weapons | 4 5 |  5.1
Fighting       | |  1.7
Dodging        | |  1.7
Stealth        | |  0.8

Action                     || total
---------------------------++-------
   Fire: Shortbow          ||   107
    Use: Scroll            ||     8
 Armour: Leather armour    ||    12
         Robe              ||     7
  Dodge: Dodged            ||    46

Table legend: (Time is in decaauts)
 A = Elapsed time spent in this place.
 B = Non-inter-level travel time spent in this place.
 C = Inter-level travel time spent in this place.
 D = Time resting spent in this place.
 E = Time spent auto-exploring this place.
 F = Levels seen in this place.
 G = Mean time per level.
                   A        B        C        D        E       F      G
               +--------+--------+--------+--------+--------+-----+--------+
         Total |   1707 |   1644 |     63 |    341 |    978 |   3 |  569.0 |
       Dungeon |   1707 |   1644 |     63 |    341 |    978 |   3 |  569.0 |
               +--------+--------+--------+--------+--------+-----+--------+

Top non-repeatable levels by time:
     D:2: 988 daAuts
     D:1: 642 daAuts
     D:3: 76 daAuts
